 Dungeon Crawl Stone Soup version 0.27.1-35-g4d5d836560 (webtiles) character file.

Game seed: 14741544136304153104

268 Delamore the Sneak (level 6, -5/39 HPs)
             Began as an Octopode Brigand on May 2, 2022.
             Slain by a howler monkey (8 damage)
             ... on level 4 of the Dungeon.
             The game lasted 00:03:16 (4110 turns).

Delamore the Sneak (Octopode Brigand)               Turns: 4110, Time: 00:03:17

Health: -5/39      AC:  1    Str: 11    XL:     6   Next: 21%
Magic:  6/6        EV: 12    Int: 13    God:
Gold:   145        SH:  0    Dex: 15    Spells: 5/5 levels left

rFire    . . .     SeeInvis .   m - +1 short sword (freeze)
rCold    . . .     Faith    .   (no shield)
rNeg     . . .     Spirit   .   (helmet restricted)
rPois    .         Reflect  .   (no amulet)
rElec    .         Harm     .   (no ring)
rCorr    .         Rampage  .   (no ring)
Will     .....                  (no ring)
Stlth    ++........             (no ring)
HPRegen  0.13/turn              (no ring)
MPRegen  0.10/turn              (no ring)
                                (no ring)
                                (no ring)

@: lit by a corona, glowing
A: almost no armour, amphibious, 8 rings, camouflage 1, gelatinous body 1,
(nimble swimmer 1), tentacles
a: no special abilities


You were on level 4 of the Dungeon.
You visited 2 branches of the dungeon, and saw 5 of its levels.

You collected 145 gold pieces.

Inventory:

Hand Weapons
 a - a +2 dagger
 i - a +2 dagger of flaming
 m - a +1 short sword of freezing (weapon)
Missiles
 b - 20 poisoned darts
 k - 57 stones
 q - 2 curare-tipped darts (quivered)
Wands
 c - a wand of paralysis (3)
Scrolls
 d - a scroll of teleportation
 e - a scroll of vulnerability {unknown}
 g - a scroll of amnesia
 j - a scroll of blinking {unknown}
 l - a scroll of fear {unknown}
 n - a scroll of enchant weapon
 o - a scroll of identify {unknown}
Potions
 f - 4 potions of heal wounds {unknown}
 h - 3 potions of curing {unknown}
 p - a potion of brilliance {unknown}


   Skills:
 - Level 2.0 Fighting
 * Level 5.3 Short Blades
 + Level 2.2 Throwing
 - Level 1.0 Dodging
 - Level 7.0 Stealth


You had 5 spell levels left.
You didn't know any spells.
Your spell library contained the following spells:

 Spells                   Type           Power      Damage    Failure   Level
 Gell's Gravitas          Tloc           0%         N/A       67%         3
 Teleport Other           Tloc           0%         N/A       67%         3
 Dispersal                Tloc           0%         N/A       100%        6


Dungeon Overview and Level Annotations

Branches:
Dungeon (4/15)             Temple (1/1) D:4

Altars:
Dithmenos
Elyvilon
Kikubaaqudgha
Nemelex Xobeh
Okawaru
Qazlal
Ru
Trog
Wu Jian
Xom
Yredelemnul

Annotations:
D:3 3 runed translucent doors, Delamore's ghost, amateur OpBr
D:4 3 runed translucent doors, makewrite's ghost, novice MiFi


Innate Abilities, Weirdness & Mutations

You cannot wear most types of armour.
You are amphibious.
You can wear up to eight rings at the same time.
Your skin changes colour to match your surroundings (Stealth+).
Your rubbery body absorbs attacks. (AC +1, EV +1)
((You are camouflaged near water. (Stealth+)))
You have tentacles for arms and can constrict up to eight enemies at once.


Message History

The gnoll shouts! x2; You hear a shout!
The gnoll hits you from afar with a +0 spear!
A gnoll comes into view. It is wielding a +0 club.
The gnoll shouts!
The gnoll barely misses you. The gnoll barely misses you.
The gnoll throws a throwing net.
The throwing net barely misses you.
You barely miss the gnoll. Your grab misses the gnoll.
You completely miss the gnoll. You grab the gnoll. You squeeze the gnoll!
The gnoll is heavily wounded.
You constrict the gnoll, but do no damage.
The gnoll hits you with a +0 whip! The adder bites you.
You are poisoned.
The adder poisons you!
You hit the gnoll. You freeze the gnoll. You squeeze the gnoll.
You kill the gnoll!
You feel sick.
A howler monkey comes into view.
The adder barely misses you.
The howler monkey howls!
You hit the adder.
The adder seems to slow down.
You freeze the adder. Your grab misses the adder.
The adder is moderately wounded.
You feel sick.
You hit the adder.
The adder seems to slow down.
You freeze the adder. You grab the adder.
The adder is heavily wounded.
You constrict the adder.
You feel sick. The adder bites you. The gnoll hits you with a +0 club!
* * * LOW HITPOINT WARNING * * *
Okay, then.
You release your grip on the adder.
You feel sick.
You feel sick.
You are no longer poisoned.
The howler monkey hits you.
* * * LOW HITPOINT WARNING * * *
The gnoll shaman mumbles some strange prayers to its god against you.
You are outlined in light.
The howler monkey hits you!
You die...

. ##.# ..#...####).## ##
..#...### #.(.....##..##
........###..# #.......## #
............# ##....#..######
........gg## ##...###.#...#.
........#g.## #....###.....##
......g.##S.####......#.#..###
#.......###..#...[.....#.###..
#...g...# ##h@............ ..#
........# ##........#.#.....#
........# #.....###...#.....
........# #........#..####.#
......... ......#..##. ...#
......##..# #... ###..... ..
#..# ##..... #... ##..


You could see a gnoll shaman, a howler monkey, 2 gnolls and an adder (slow).

Vanquished Creatures
  An ogre (D:3)
  Crazy Yiuf (D:2)
  Jessica (D:1)
  Ijyb (D:4)
  Robin (D:2)
  A gnoll (D:4)
  2 dart slugs
  4 ball pythons
  3 endoplasms
  2 giant cockroaches (D:1)
  18 goblins
  9 hobgoblins
  8 jackals
  7 kobolds
  3 quokkas
  A bat (D:1)
  5 frilled lizards
  4 rats (D:1)
  A butterfly (D:3)
73 creatures vanquished.

Vanquished Creatures (others)
  3 fungi (D:1)
  A plant (D:1)
4 creatures vanquished.

Grand Total: 77 creatures vanquished

Notes
Turn   | Place    | Note
-------+----------+-------------------------------------------
     0 | D:1      | Delamore the Octopode Brigand began the quest for the Orb.
     0 | D:1      | Reached XP level 1. HP: 14/14 MP: 1/1
   298 | D:1      | Reached XP level 2. HP: 19/19 MP: 2/2
   524 | D:1      | Found a faded altar of an unknown god.
   748 | D:1      | Reached XP level 3. HP: 24/24 MP: 3/3
  1015 | D:2      | Noticed Robin
  1141 | D:2      | Noticed Jessica
  1428 | D:1      | Killed Jessica
  1429 | D:1      | Reached skill level 6 in Stealth
  1429 | D:1      | Reached XP level 4. HP: 26/29 MP: 4/4
  1466 | D:2      | Killed Robin
  2101 | D:2      | Found a white marble altar of Elyvilon.
  2359 | D:2      | Found a runed translucent door.
  2360 | D:2      | Noticed Crazy Yiuf
  2476 | D:2      | Killed Crazy Yiuf
  2477 | D:2      | Reached XP level 5. HP: 34/34 MP: 5/5
  2647 | D:3      | Noticed an ogre
  2649 | D:3      | Killed an ogre
  2650 | D:3      | Reached skill level 5 in Short Blades
  2650 | D:3      | Reached skill level 7 in Stealth
  2679 | D:3      | Noticed Delamore's ghost (amateur OpBr)
  2707 | D:3      | Found a runed translucent gate.
  2707 | D:3      | Found a runed translucent gate.
  2707 | D:3      | Found a runed translucent gate.
  3069 | D:3      | Found a shimmering altar of Xom.
  3108 | D:3      | Reached XP level 6. HP: 39/39 MP: 6/6
  3325 | D:4      | Found a runed translucent gate.
  3325 | D:4      | Found a runed translucent gate.
  3327 | D:4      | Found a runed translucent gate.
  3328 | D:4      | Noticed makewrite's ghost (novice MiFi)
  3377 | D:4      | Found a staircase to the Ecumenical Temple.
  3387 | Temple   | Entered the Ecumenical Temple
  3941 | D:4      | Noticed Ijyb
  3948 | D:4      | Paralysed by Ijyb for 3 turns
  3956 | D:4      | Killed Ijyb
  4110 | D:4      | Slain by a howler monkey

Illustrated notes

Levels and vault maps discovered:
D:1:      dpeg_arrival_shelter, layout_basic,
          shapermc_ecumenical_altar_mp_ritualfount, palyth_stone_intersect,
          wander_ebering_terrifying_dragon_lair
D:2:      layout_loops_cross, basic_altar, uniq_jessica,
          uniq_crazy_yiuf_cottage, uniq_robin
D:3:      layout_loops_cross, xom_butterflies, gammafunk_ghost_icy
D:4:      layout_layer_cave, mainiacjoe_overflow_alcove_4,
          minmay_temple_entry_ruins, gammafunk_ghost_necromancy, uniq_ijyb
Temple:   jpeg_temple_island

Skill      XL: |  1  2  3  4  5 |
---------------+----------------+-----
Short Blades   | 3 4 5 |  5.3
Stealth        | 6 7 |  7.0
Fighting       | |  2.0
Throwing       | |  2.2
Dodging        | |  1.0

Action                   |  1- 3 |  4- 6 || total
-------------------------+-------+-------++-------
Melee: Dagger            |    50 |    57 ||   107
       Constrict         |    12 |    19 ||    31
       Tentacles         |    11 |    14 ||    25
       Short sword       |       |    15 ||    15
Throw: Dart              |       |     4 ||     4
  Use: Scroll            |     1 |     2 ||     3
 Stab: Sleeping          |     7 |    12 ||    19
Armor: Skin              |     3 |     5 ||     8
Dodge: Dodged            |    23 |    29 ||    52
